Map: Jagannatha LE

Players

Reynor - Winner!

  • Race: Zerg Zerg
  • Spawn Location: 1:00

Ragnarok (SHIN)

  • Race: Zerg Zerg
  • Spawn Location: 7:00

Event: TSL 6

VOD

Have the link to the VOD?

Description

Time

  • Played on: Dec. 19, 2020, 10:51 a.m.
  • Length: 5:25

All games in this series

Show
View Real Time Build Order
Export as new Build Order

Reynor Zerg - Winner!

Build Orders: Pool First 

Get SALT Encoding   

  12  0:17  Spawning Pool  
  11  0:22  Drone  
  11  0:27  Drone  
  13  0:32  Drone  
  14  0:40  Overlord  
  14  1:05  Zergling x6  
  17  1:16  Zergling x2  
  18  1:18  Hatchery  
  17  1:27  Zergling x2  
  18  1:34  Queen  
  18  1:38  Zergling x2  
  21  1:48  Overlord  
  21  1:58  Drone  
  22  2:09  Drone  
  22  2:10  Queen  
  25  2:20  Drone  
  24  2:30  Drone  
  24  2:32  Drone  
  24  2:40  Extractor  
  24  2:42  Drone x2  
  24  2:44  Drone x3  
  28  2:48  Queen  
  30  2:57  Drone x2  
  32  3:03  Drone  
  32  3:07  Drone  
  33  3:14  Drone x2  
  35  3:20  Overlord  
  35  3:30  Overlord  
  35  3:31  Drone  
  35  3:32  Evolution Chamber  
  35  3:35  Drone  
  35  3:39  Drone x3  
  35  3:40  Drone  
  40  3:42  Metabolic Boost  
  40  3:49  Zergling x2  
  40  3:51  Drone x4  
  40  3:53  Zergling x2  
  45  4:03  Roach Warren  
  45  4:06  Zergling x4  
  45  4:09  Evolution Chamber  
  45  4:12  Zergling x4  
  45  4:14  Zergling x2  
  48  4:17  Evolution Chamber  
  48  4:20  Evolution Chamber  
  48  4:21  Zergling x2  
  48  4:22  Zergling x4  
  49  4:25  Zergling x2  
  49  4:27  Zergling x2  
  49  4:29  Overlord  
  51  4:41  Overlord  
  51  4:46  Zergling x2  
  51  4:47  Queen  
  51  4:51  Zergling x4  
  45  5:00  Zergling x2  
  45  5:02  Zergling x2  
Show
View Real Time Build Order
Export as new Build Order

Ragnarok Zerg 

Build Orders: Hatch First 

Get SALT Encoding   

  12  0:00  Drone  
  13  0:12  Overlord  
  13  0:17  Drone  
  14  0:31  Drone x2  
  16  0:48  Hatchery  
  15  0:51  Drone  
  15  0:54  Drone  
  17  0:58  Drone  
  18  1:08  Extractor  
  17  1:13  Spawning Pool  
  17  1:16  Drone  
  17  1:20  Drone  
  18  1:28  Drone  
  19  2:00  Zergling x8  
  23  2:03  Queen x2  
  27  2:12  Zergling x2  
  27  2:25  Zergling x2, Drone  
  27  2:29  Drone  
  26  2:34  Drone  
  26  2:37  Drone  
  27  2:48  Metabolic Boost  
  27  2:52  Overlord  
  27  2:57  Overlord  
  27  3:12  Zergling x10  
  32  3:16  Zergling x2  
  32  3:17  Zergling x2  
  32  3:19  Zergling x2  
  35  3:24  Zergling x4  
  37  3:27  Zergling x2  
  37  3:31  Zergling x2  
  39  3:36  Overlord  
  39  3:38  Zergling x2  
  40  3:41  Zergling x2  
  40  3:45  Zergling x2  
  40  3:46  Zergling x2  
  43  3:51  Zergling x2  
  45  3:55  Zergling x4  
  45  4:02  Zergling x4  
  48  4:07  Zergling x2  
  48  4:08  Zergling x2  
  50  4:14  Zergling x4  
  50  4:16  Zergling x2  
  52  4:19  Zergling x2  
  51  4:25  Zergling x2  
  51  4:29  Zergling x2  
  51  4:31  Zergling x2  
  52  4:33  Zergling x2  
  52  4:37  Zergling x2  
  52  4:38  Overlord  
  51  4:40  Zergling x2  
  51  4:42  Zergling x2  
  52  4:47  Zergling x2  
  52  4:51  Zergling x2  
  44  4:54  Zergling x4  
  44  4:56  Zergling x2  
  44  4:58  Zergling x2  
Tags
 
Add a new tag
Caveats
  • Supply blocks, unpowered buildings, or Contaminate may cause inaccurate times.
  • Supply counts are checked every 10 seconds.